 Dungeon Crawl Stone Soup version 0.30-a0-509-gd016549fea (webtiles) character file.

Game seed: 12372990254504252555

501 Mitcholas the Basher (level 6, -1/51 HPs)
             Began as a Minotaur Fighter on Dec 22, 2022.
             Killed from afar by an orc wizard (7 damage)
             ... with a puff of flame
             ... on level 5 of the Dungeon.
             The game lasted 00:06:55 (3208 turns).

Mitcholas the Basher (Minotaur Fighter)             Turns: 3208, Time: 00:06:56

Health: -1/51      AC: 11    Str: 23    XL:     6   Next: 95%
Magic:  5/5        EV:  6    Int:  5    God:
Gold:   160        SH:  0    Dex:  9    Spells: 5/5 levels left

rFire   . . .      SeeInvis .    a - +0 flail
rCold   . . .      Faith    .    c - +0 buckler
rNeg    . . .      Spirit   .    e - +0 plate armour
rPois   +          Reflect  .    (helmet restricted)
rElec   .          Harm     .    (no cloak)
rCorr   .          Rampage  .    (no gloves)
Will    .....                    (no boots)
Stlth   ..........               (no amulet)
HPRegen 0.28/turn                s - ring of poison resistance
MPRegen 0.09/turn                (no ring)

@: confused
A: horns 2, retaliatory headbutt
a: no special abilities


You were on level 5 of the Dungeon.
You visited 1 branch of the dungeon, and saw 5 of its levels.

You collected 160 gold pieces.

Inventory:

Hand Weapons
 a - a +0 flail (weapon)
Missiles
 h - a throwing net (quivered)
Armour
 c - a +0 buckler (worn)
 e - a +0 plate armour (worn)
Jewellery
 s - a ring of poison resistance (left hand)
Scrolls
 b - 2 scrolls of magic mapping {unknown}
 f - a scroll of torment {unknown}
 i - 2 scrolls of identify {unknown}
 l - a scroll of vulnerability {unknown}
 p - 2 scrolls of teleportation {unknown}
 r - 2 scrolls of fog {unknown}
Potions
 d - 2 potions of might
 g - a potion of degeneration {unknown}
 j - a potion of brilliance {unknown}
 k - a potion of berserk rage {unknown}
 m - a potion of resistance {unknown}
 n - a potion of ambrosia {unknown}
 o - 2 potions of attraction {unknown}
 q - a potion of cancellation {unknown}
 t - a potion of curing {unknown}


   Skills:
 - Level 3.6 Fighting
 * Level 9.1 Maces & Flails
 - Level 3.6 Armour
 - Level 3.6 Shields


You had 5 spell levels left.
You didn't know any spells.
Your spell library was empty.

Dungeon Overview and Level Annotations

Branches:
Dungeon (5/15)
 Temple: D:4-7

Altars:
Cheibriados
Nemelex Xobeh
Uskayaw
Vehumet


Innate Abilities, Weirdness & Mutations

You have a pair of horns on your head.
You reflexively headbutt those who attack you in melee.


Message History

You are confused.
The orc priest barely misses you. The orc hits you with a +0 mace.
You're too confused to move!
The orc priest begins to cast a cantrip, but forgets the words!
The orc wizard casts a spell at you. The magic dart hits you.
The orc hits you with a +0 hand axe. The orc hits you but does no damage.
You closely miss the orc priest.
The orc priest is almost dead.
The orc priest invokes the aid of Beogh against you.
Pain shoots through your body! The orc closely misses you.
The orc wizard completely misses you. The orc hits you with a +0 flail.
The orc hits you but does no damage.
You closely miss the orc. The orc priest barely misses you.
The orc wizard gestures at you while chanting.
The puff of flame hits you but does no damage.
The orc hits you but does no damage. The orc hits you with a +0 mace.
The orc hits you but does no damage.
You barely miss the orc. You headbutt the orc.
The orc is lightly wounded.
The orc wizard hits you with a +3 dagger.
* * * LOW HITPOINT WARNING * * *
The orc priest hits you but does no damage.
The orc closely misses you. The orc hits you but does no damage.
The orc hits you with a +0 mace.
* * * LOW HITPOINT WARNING * * *
You sock the orc priest!
You kill the orc priest!
The orc hits you with a +0 hand axe.
* * * LOW HITPOINT WARNING * * *
The orc wizard barely misses you. The orc hits you but does no damage.
The orc hits you with a +0 flail.
* * * LOW HITPOINT WARNING * * *
You sock the orc wizard! Your headbutt misses the orc wizard.
The orc wizard is severely wounded.
You sock the orc!
You kill the orc!
The orc wizard casts a spell at you. The puff of flame hits you!
You die...

#######
#.....###
####....$..
......)oo####.#
......)@o.....#
#.##......#####
######.#######.
#.<.......
##########


You could see an orc wizard and 2 orcs.

Vanquished Creatures
  Sigmund (D:3)
  A black bear (D:4)
  A scorpion (D:4)
  An orc priest (D:5)
  Robin (D:3)
  2 adders
  7 gnolls (D:2)
  2 worms (D:4)
  2 dart slugs (D:2)
  An orc (D:5)
  4 ball pythons
  4 endoplasms
  A giant cockroach (D:1)
  6 hobgoblins
  2 jackals (D:4)
  4 quokkas
  6 bats
  2 frilled lizards
  13 goblins
  5 kobolds
66 creatures vanquished.

Notes
Turn   | Place    | Note
-------+----------+-------------------------------------------
     0 | D:1      | Mitcholas the Minotaur Fighter began the quest for the Orb.
     0 | D:1      | Reached XP level 1. HP: 19/19 MP: 0/0
   322 | D:1      | Reached skill level 3 in Maces & Flails
   916 | D:2      | Reached XP level 2. HP: 18/26 MP: 1/1
   972 | D:2      | Found a faded altar of an unknown god.
   986 | D:2      | Reached skill level 4 in Maces & Flails
  1046 | D:2      | Reached XP level 3. HP: 22/31 MP: 2/2
  1056 | D:2      | Reached skill level 5 in Maces & Flails
  1184 | D:2      | Reached XP level 4. HP: 39/39 MP: 3/3
  1374 | D:2      | Reached skill level 6 in Maces & Flails
  1730 | D:3      | Noticed Sigmund
  1743 | D:3      | Killed Sigmund
  1744 | D:3      | Reached skill level 7 in Maces & Flails
  1744 | D:3      | Reached XP level 5. HP: 42/45 MP: 4/4
  1774 | D:3      | Found a hide-covered altar of Uskayaw.
  1865 | D:3      | Found a snail-covered altar of Cheibriados.
  1944 | D:3      | Found a radiant altar of Vehumet.
  1951 | D:3      | Noticed Robin
  1955 | D:3      | Reached XP level 6. HP: 47/51 MP: 5/5
  2015 | D:3      | Killed Robin
  2351 | D:4      | Reached skill level 8 in Maces & Flails
  2762 | D:4      | Found a sparkling altar of Nemelex Xobeh.
  2808 | D:4      | Reached skill level 9 in Maces & Flails
  3195 | D:5      | Entered Level 5 of the Dungeon
  3208 | D:5      | Killed from afar by an orc wizard

Illustrated notes

Levels and vault maps discovered:
D:1:      lemuel_arrival_tunnels, layout_loops_corners
D:2:      layout_loops_ring, ebering_ecumenical_altar_rust, minmay_pentomino_z2
D:3:      layout_loops_ring, mainiacjoe_overflow_concentric_impassable,
          nicolae_overflow_crystal_walls,
          nicolae_uskayaw_murder_on_the_dancefloor, uniq_robin, uniq_sigmund
D:4:      layout_loops_ring, nicolae_overflow_hidden_temple
D:5:      layout_loops_ring, enter_ossuary_3

Skill      XL: |  1  2  3  4  5  6 |
---------------+-------------------+-----
Maces & Flails | 3 4 5 7 9 |  9.1
Fighting       | |  3.6
Armour         | |  3.6
Shields        | |  3.6

Action                   |  1- 3 |  4- 6 || total
-------------------------+-------+-------++-------
Melee: Flail             |    71 |   113 ||   184
       Headbutt          |    12 |    12 ||    24
Throw: Throwing net      |       |     1 ||     1
Armor: Plate armour      |    57 |    65 ||   122
Dodge: Dodged            |    19 |    36 ||    55
Block: Buckler           |    20 |    29 ||    49

Table legend: (Time is in decaauts)
 A = Elapsed time spent in this place.
 B = Non-inter-level travel time spent in this place.
 C = Inter-level travel time spent in this place.
 D = Time resting spent in this place.
 E = Time spent auto-exploring this place.
 F = Levels seen in this place.
 G = Mean time per level.
                   A        B        C        D        E       F      G
               +--------+--------+--------+--------+--------+-----+--------+
         Total |   3230 |   3079 |    151 |    176 |   2321 |   5 |  646.0 |
       Dungeon |   3230 |   3079 |    151 |    176 |   2321 |   5 |  646.0 |
               +--------+--------+--------+--------+--------+-----+--------+

Top non-repeatable levels by time:
     D:1: 968 daAuts
     D:4: 852 daAuts
     D:3: 747 daAuts
     D:2: 649 daAuts
     D:5: 12 daAuts
